cohdb
Replays
Latest Replays
All Replays
Popular Replays
Top Player Replays
Match Explorer
How It Works
Community
CoH3 Stats
Reddit
Sign in to upload your games and track your stats! →
Sign in with Steam
Match 44863907
Unlisted
Match 44863907
Overview
Messages
Build Orders
End
Construct Infanterie Kompanie
Kettenkrad Recon Vehicle
Selects Breakthrough Battlegroup
Selects Assault Grenadiers
MG 42 Machine Gun Team
MG 42 Machine Gun Team
Grenadier Squad
Grenadier Squad
Construct Luftwaffe Kompanie
Construct Panzergrenadier Kompanie
Selects Rapid Production
251 Medium Carrier
Panzergrenadier Squad
Pak 40 Anti-tank Gun Team
Medical Bunker
Construct Panzer Kompanie
Panzer IV Medium Tank
Medical Station
Side Skirts
Stoßtruppen Squad
Panzer IV Medium Tank
Selects Blitzkrieg
Selects Panzer IV Command Tank Sd.Kfz. 161/1
Selects Smoke Bombing Run
Selects Incendiary Bombing Run
Blitzkrieg
Stoßtruppen Squad
Panzer IV Medium Tank
251 Medium Carrier
Smoke Bombing Run
Panzer IV Medium Tank
Gwangju's Hero Chun Doo-gwang
peace
Imperiale
PIGEONS ARE FBI DRONES
0
0
Comments
sign in to comment!
No comments posted yet!